 Dungeon Crawl Stone Soup version 0.17-a0-974-ga95afb0 (webtiles) character file.

62 Jine the Cudgeler (level 3, 0/42 HPs)
             Began as a Demonspawn Gladiator on May 10, 2015.
             Slain by a jackal (2 damage)
             ... on level 2 of the Dungeon.
             The game lasted 00:05:42 (1536 turns).

Jine the Cudgeler (Demonspawn Gladiator)            Turns: 1536, Time: 00:05:42

Health: 0/42       AC: 21    Str: 16    XL:     3   Next: 85%
Magic:  3/3        EV:  2    Int:  9    God:
Gold:   34         SH:  0    Dex: 13    Spells: 0 memorised, 2 levels left

rFire  . . .     SeeInvis .     a - +0 flail
rCold  . . .     Clarity  .     (armour currently unavailable)
rNeg   + + +     SustAb   .     (no shield)
rPois  +         Gourm    .     (helmet currently unavailable)
rElec  .         Spirit   .     (cloak currently unavailable)
rCorr  .         Warding  .     (gloves currently unavailable)
rMut   .         NoTele   +     (boots currently unavailable)
MR     .....                    (no amulet)
Stlth  +.........               (no ring)
                                (no ring)

@: tree-form, not resistant to hostile enchantments, very unstealthy
A: (talons 0)
a: no special abilities


You were on level 2 of the Dungeon.
You were not hungry.
You were a tree.
You visited 1 branch of the dungeon, and saw 2 of its levels.

You collected 34 gold pieces.

Inventory:

Hand weapons
 a - a +0 flail (weapon)
Missiles
 d - 3 throwing nets (quivered)
Armour
 b - a +0 leather armour (melded)
 c - a +0 helmet (melded)
Scrolls
 e - 2 scrolls of recharging {unknown}
 f - a scroll of remove curse {unknown}
 g - 2 scrolls of identify {unknown}
 i - a scroll of fear {unknown}
 j - a scroll of immolation {unknown}
 k - a scroll of amnesia {unknown}
 l - a scroll of fog {unknown}
 n - 2 scrolls of teleportation {unknown}
 p - a scroll of random uselessness {unknown}
Comestibles
 h - a meat ration
 o - a beef jerky


   Skills:
 + Level 2.4 Fighting
 + Level 3.4 Maces & Flails
 + Level 1.9 Throwing
 + Level 0.5 Armour
 + Level 3.3 Dodging


You had 2 spell levels left.
You didn't know any spells.

Dungeon Overview and Level Annotations

Branches:
Dungeon (2/15)

Altars:


Innate Abilities, Weirdness & Mutations

((You have sharp toenails.))


Message History

The jackal bites you but does no damage.
The giant gecko bites you but does no damage.
The jackal bites you but does no damage. x3
The giant gecko barely misses you.
The jackal bites you but does no damage.
The worm bites you but does no damage.
The jackal bites you but does no damage. x3
The giant gecko bites you but does no damage.
The jackal bites you but does no damage. x3
The giant gecko bites you but does no damage.
The worm bites you but does no damage.
The jackal bites you but does no damage. x2
The jackal bites you but does no damage.
The giant gecko bites you but does no damage.
The jackal bites you but does no damage. x3
The jackal bites you but does no damage. x2
The giant gecko bites you but does no damage.
The jackal bites you but does no damage.
The worm bites you but does no damage. The jackal bites you.
You die...

#......## .## ..#
#.......######.##.##.#
##.†.......[(.........
###.#.......)(...##.
#...............##
##.....###.....#..#
##.....###..........#
#........hwl..####...
#...†.....♣hg## #
#..........h##
##....##..###
#......#.## #......#..
#......##.# ##....##
##....#####.#
##.#........


You could see a worm, a giant gecko, 3 jackals and a hobgoblin.

Vanquished Creatures
  2 adders (D:2)
  An ooze (D:1)
  2 giant cockroaches (D:1)
  5 hobgoblins
  4 jackals (D:1)
  4 kobolds
  4 bats
  4 giant newts
  5 goblins
  7 rats
38 creatures vanquished.

Notes
Turn   | Place    | Note
--------------------------------------------------------------
     0 | D:1      | Jine, the Demonspawn Gladiator, began the quest for the Orb.
     0 | D:1      | Reached XP level 1. HP: 16/16 MP: 1/1
   419 | D:1      | Reached skill level 3 in Dodging
   419 | D:1      | Gained mutation: You have sharp toenails. [demonic ancestry]
   419 | D:1      | Reached XP level 2. HP: 16/22 MP: 2/2
   934 | D:1      | Reached XP level 3. HP: 20/27 MP: 3/3
  1531 | D:2      | HP: 1/42 [jackal (2)]
  1536 | D:2      | Slain by a jackal

Vault maps used:
D:1:      dpeg_arrival_concentric_ovals
D:2:      nicolae_overflow_crystal_walls, minmay_door_square,
          minmay_parallelograms, uniq_sigmund

Action                   || total
-------------------------++-------
Melee: Flail             ||   129
  Use: Potion            ||     1
  Eat: Bread ration      ||     1
